AoeStats
← Jazzmushroom

Black Forest

508928812Analyzed
4v4 RM · 7d ago on Sep 24, 2026· 36m 29s· 8 players
Game mode
Random Map
Map size
Large (8 player)
Population
200
Speed
Normal
Resources
Standard
Victory
Conquest
Starting age
Dark Age
Ending age
Imperial Age
RankedLock teamsTeams togetherTeam positionsShared explorationLock speedFull tech treeHidden civsTurbo modeCheats
Victory
Defeat
🇺🇸 Mongols · United States
1347
+15
🇦🇷 Spanish · Argentina
1339
+15
🇹🇼 Gurjaras · Taiwan
1316
+16
🇺🇸 Varangians · United States
1302
+16
🇫🇷 Magyars · France
1333
-16
🇹🇷 Varangians · Türkiye
1329
-16
🇬🇧 Franks · United Kingdom
1310
-15
🇳🇱 Japanese · Netherlands
1309
-15
Soul Ledger
0:29 Loom
15:51 Feudal Age
17:37 Double-Bit Axe
19:59 Castle Age
tomtom
10:56 Feudal Age
15:08 Castle Age
13:30 Double-Bit Axe
16:36 Fishing Lines
17:08 Bow Saw
16:43 Horse Collar
19:31 Loom
22:09 Wheelbarrow
21:38 Fletching
23:08 Bodkin Arrow
23:39 Padded Archer Armor
23:44 Husbandry
25:22 Thumb Ring
25:39 Bloodlines
26:02 Leather Archer Armor
27:07 Scale Barding Armor
27:06 Stone Mining
29:29 Chain Barding Armor
29:44 Hand Cart
33:56 Imperial Age
31:42 Corvinian Army
33:23 Ballistics
32:48 Treadmill Crane
33:50 Ballistics
34:15 Gold Mining
34:29 Town Watch
35:43 Conscription
35:03 Elite Magyar Huszar
36:29 Plate Barding Armor
36:29 Bracer
37:16 Hoardings
TwentyTwo22
1:56 Loom
10:31 Feudal Age
10:32 Man-at-Arms
12:03 Arson
25:14 Castle Age
23:22 Double-Bit Axe
23:20 Horse Collar
26:10 Fletching
26:47 Bow Saw
27:14 Guard Tower
27:59 Bodkin Arrow
27:59 Gold Mining
35:54 Imperial Age
35:36 Wheelbarrow
35:24 Ballistics
Gen ALPHA RIZZLER 67
11:17 Feudal Age
12:00 Double-Bit Axe
12:20 Loom
14:57 Castle Age
13:30 Fishing Lines
15:35 Horse Collar
22:48 Bow Saw
22:32 Gillnets
24:48 Wheelbarrow
28:56 Scale Barding Armor
29:01 Forging
29:06 Gold Mining
29:48 Coinage
29:21 Caravan
30:10 Chain Barding Armor
30:05 Bloodlines
30:53 Husbandry
31:56 Iron Casting
33:53 Imperial Age
31:52 Heavy Plow
35:46 Banking
35:35 Vendel Legacy
35:51 Cavalier
IDWARE21
5:52 Loom
11:20 Feudal Age
15:41 Castle Age
13:36 Double-Bit Axe
13:35 Horse Collar
17:04 Bow Saw
19:05 Wheelbarrow
20:45 Heavy Plow
24:33 Hand Cart
24:04 Town Watch
30:28 Imperial Age
28:07 Padded Archer Armor
27:58 Fletching
29:05 Fervor
28:54 Gold Mining
29:06 Stone Mining
30:48 Ballistics
30:46 Bloodlines
30:37 Husbandry
30:44 Thumb Ring
32:23 Parthian Tactics
31:21 Light Cavalry
31:59 Bodkin Arrow
32:19 Leather Archer Armor
31:28 Elite Mangudai
32:29 Conscription
32:30 Drill
32:58 Bracer
34:04 Chemistry
32:29 Capped Ram
34:41 Forging
34:36 Scale Barding Armor
33:54 Hussar
34:43 Fishing Lines
Jazzmushroom
10:42 Feudal Age
12:05 Double-Bit Axe
15:09 Castle Age
13:09 Horse Collar
14:18 Fishing Lines
16:23 Wheelbarrow
15:42 Loom
17:12 Bow Saw
18:55 Stone Mining
20:31 Hand Cart
20:14 Town Watch
20:21 Gold Mining
20:53 Gillnets
22:09 Heavy Plow
26:04 Forging
25:55 Scale Mail Armor
30:34 Imperial Age
29:38 Iron Casting
29:21 Chain Mail Armor
28:59 Gambesons
29:16 Squires
29:03 Arson
30:00 Coinage
32:31 Blast Furnace
32:03 Plate Mail Armor
30:56 Gothikon
31:57 Conscription
33:06 Two-Man Saw
31:59 Elite Varangian Guard
32:32 Capped Ram
34:43 Siege Ram
36:47 Banking
ZhongliN
0:29 Loom
11:34 Feudal Age
17:47 Fletching
20:29 Double-Bit Axe
27:45 Castle Age
25:30 Horse Collar
26:06 Gold Mining
26:06 Stone Mining
26:42 Padded Archer Armor
28:45 Bodkin Arrow
30:31 Forging
31:03 Scale Barding Armor
31:01 Town Watch
31:12 Light Cavalry
35:23 Bloodlines
35:14 Husbandry
36:38 Wheelbarrow
Lord_Wilfredo
0:55 Loom
13:37 Feudal Age
18:10 Castle Age
17:04 Double-Bit Axe
17:45 Horse Collar
19:35 Bow Saw
19:31 Town Watch
25:12 Padded Archer Armor
30:53 Wheelbarrow
33:15 Imperial Age
31:08 Fletching
31:05 Elite Skirmisher
32:05 Leather Archer Armor
31:45 Bodkin Arrow
33:09 Hand Cart
34:37 Conscription
35:40 Chemistry
35:36 Bracer
Connection lost

Rejoining the realm…

Still unreachable

The connection could not be restored.

Session expired

The server has moved on; the page needs a fresh start.